 Dungeon Crawl Stone Soup version 0.22.0 (webtiles) character file.

562 KnightedAnt the Skirmisher (level 7, -3/55 HPs)
             Began as a Formicid Abyssal Knight on Oct 29, 2018.
             Was a Priest of Lugonu.
             Splashed by a jelly's acid (9 damage)
             ... on level 5 of the Dungeon.
             The game lasted 00:07:50 (4947 turns).

KnightedAnt the Skirmisher (FoAK)                   Turns: 4947, Time: 00:07:51

Health: -3/55      AC:  0    Str: 19    XL:     7   Next: 58%
Magic:  10/10      EV:  8    Int: 11    God:    Lugonu [***...]
Gold:   205        SH:  7    Dex: 10    Spells: 6/6 levels left

rFire    . . .     SeeInvis +   B - +1 flail (protect)
rCold    . . .     Gourm    .   w - +0 shield
rNeg     . . .     Faith    .   A - +4 ring mail
rPois    .         Spirit   .   (helmet unavailable)
rElec    .         Reflect  .   (no cloak)
rCorr    .         Harm     .   (no gloves)
MR       .....                  (no boots)
Stlth    ..........             (no amulet)
HPRegen  0.18/turn              (no ring)
MPRegen  0.12/turn              (no ring)

@: corroded, protection aura
A: permanent stasis, dig shafts and tunnels, four strong arms, antennae 3
a: Dig, Shaft Self, Depart the Abyss, Bend Space, Banish, Renounce Religion


You were on level 5 of the Dungeon.
You worshipped Lugonu.
Lugonu was most pleased with you.
You were near starving.

You visited 1 branch of the dungeon, and saw 5 of its levels.
You visited the Abyss 1 time.

You collected 205 gold pieces.

Inventory:

Hand Weapons
 a - a +1 mace
 i - a +1 whip of holy wrath
 B - a +1 flail of protection (weapon)
Missiles
 d - 97 stones (quivered)
 m - 59 sling bullets
Armour
 b - a +0 leather armour
 w - a +0 shield (worn)
 A - a +4 ring mail (worn)
Wands
 n - a wand of polymorph (9)
Scrolls
 f - 5 scrolls of remove curse {unknown}
 g - 4 scrolls of identify {unknown}
 h - 3 scrolls of amnesia {unknown}
 k - a scroll of immolation {unknown}
 l - a scroll of fear {unknown}
 o - 2 scrolls of fog {unknown}
 p - 2 scrolls of enchant armour {unknown}
 y - 3 scrolls of teleportation {unknown}
 C - 2 scrolls of blinking {unknown}
Potions
 e - 3 potions of cancellation {unknown}
 j - a potion of might {unknown}
 q - a potion of brilliance {unknown}
 r - 2 potions of agility {unknown}
 s - a potion of degeneration {unknown}
 t - a potion of mutation {unknown}
 u - 3 potions of curing {unknown}
 v - 2 potions of berserk rage {unknown}
 x - a potion of resistance {unknown}
 z - a potion of invisibility {unknown}
 D - a potion of flight {unknown}
 E - a potion of ambrosia {unknown}
 F - 2 potions of heal wounds {unknown}
Comestibles
 c - 9 rations


   Skills:
 + Level 4.9 Fighting
 + Level 3.8 Maces & Flails
 + Level 4.2 Armour
 + Level 3.0 Dodging
 + Level 4.5 Invocations


You had 6 spell levels left.
You didn't know any spells.
Your spell library contained the following spells:

 Spells                   Type           Power        Failure   Level  Hunger
 Magic Dart               Conj           #...         99%         1    ##.....
 Conjure Flame            Conj/Fire      #.......     100%        3    ####...
 Slow                     Hex            #.......     99%         2    ###....
 Mephitic Cloud           Conj/Pois/Air  #.......     100%        3    ####...
 Blink                    Tloc           N/A          99%         2    ###....
 Call Imp                 Summ           #.......     99%         2    ###....


Dungeon Overview and Level Annotations

Branches:
Dungeon (5/15)             Temple (0/1) D:5

Altars:
Dithmenos
Fedhas
Kikubaaqudgha


Innate Abilities, Weirdness & Mutations

You cannot be hasted, slowed, berserked, paralysed or teleported.
You can dig through walls and to a lower floor.
Your four strong arms can wield two-handed weapons with a shield.
You have a pair of large antennae on your head. (SInv)


Message History

The jelly closely misses you.
You hit the jelly but do no damage.
Your hands burn!
The jelly is almost dead.
The jelly hits you but does no damage. The jelly hits you.
The acid corrodes you!
You are splashed with acid!
The acid burns!
You are too injured to fight recklessly!
You hit the jelly but do no damage.
Your hands burn!
The jelly is almost dead.
The jelly barely misses you.
You hit the jelly but do no damage.
Your hands burn!
The jelly is almost dead.
The jelly hits you.
You are splashed with acid!
The acid burns!
* * * LOW HITPOINT WARNING * * *
You hit the jelly but do no damage.
Your hands burn!
* * * LOW HITPOINT WARNING * * *
The jelly is almost dead.
The jelly barely misses you. The jelly hits you.
* * * LOW HITPOINT WARNING * * *
You are splashed with acid!
The acid burns!
You die...

#.....# #.....#
#.....## ### #......
... #.....# .# ###
##....)##.#
#....J.##.##
#...@......#
#....#.#...#
##..#.#.#..##########
#.#.#.#.#.........[.
#..#.>.#...###..####
#.#.#.#.#......## #
#..#.#.#...#####
#...#.#...##
#.........#


You could see a jelly.

Vanquished Creatures
  2 ogres (D:4)
  3 hounds (D:4)
  A bullfrog skeleton (D:4)
  An orc wizard (D:3)
  An iguana (D:4)
  A worker ant (D:4)
  A hound skeleton (D:4)
  A worker ant zombie (D:4)
  6 adders
  An ooze (D:3)
  3 worms
  6 dart slugs
  7 leopard geckos
  9 orcs
  5 giant cockroaches
  6 hobgoblins
  3 jackals (D:2)
  3 quokkas
  12 bats
  5 frilled lizards
  4 goblins
  5 kobolds
  9 rats
95 creatures vanquished.

Notes
Turn   | Place    | Note
-------+----------+-------------------------------------------
     0 | Abyss:1  | KnightedAnt the Formicid Abyssal Knight began the quest for the Orb.
     0 | Abyss:1  | Reached XP level 1. HP: 18/18 MP: 2/2
    31 | Abyss:1  | Noticed a ynoxinul
    33 | D:1      | Escaped the Abyss
   112 | D:1      | Reached * piety under Lugonu
   112 | D:1      | Reached skill level 1 in Dodging
   141 | D:1      | Reached XP level 2. HP: 15/24 MP: 3/3
   574 | D:1      | Reached XP level 3. HP: 25/29 MP: 4/4
  1136 | D:2      | Reached XP level 4. HP: 28/37 MP: 6/6
  1155 | D:2      | Found a blossoming altar of Fedhas.
  1169 | D:2      | Reached ** piety under Lugonu
  2052 | D:2      | Reached XP level 5. HP: 42/42 MP: 7/7
  3662 | D:4      | Reached XP level 6. HP: 34/48 MP: 8/8
  3888 | D:4      | Noticed an ogre
  3927 | D:4      | Reached *** piety under Lugonu
  3945 | D:4      | Noticed an ogre
  3955 | D:4      | Killed an ogre
  3955 | D:4      | Reached XP level 7. HP: 37/55 MP: 10/10
  4415 | D:4      | Found a shadowy altar of Dithmenos.
  4660 | D:4      | Found an ancient bone altar of Kikubaaqudgha.
  4879 | D:5      | Entered Level 5 of the Dungeon
  4920 | D:5      | Found a staircase to the Ecumenical Temple.
  4947 | D:5      | Splashed by a jelly's acid

Skill      XL: |  1  2  3  4  5  6  7 |
---------------+----------------------+-----
Dodging        | 1 2 3 |  3.0
Invocations    | 3 4 |  4.5
Armour         | 3 4 |  4.2
Fighting       | 4 |  4.9
Maces & Flails | 3 |  3.8

Action                   |  1- 3 |  4- 6 |  7- 9 || total
-------------------------+-------+-------+-------++-------
Melee: Mace              |    54 |       |       ||    54
       Whip              |    86 |   197 |       ||   283
       Flail             |       |    75 |    50 ||   125
Invok: Depart the Abyss  |     1 |       |       ||     1
 Abil: Dig               |       |     1 |       ||     1
  Eat: Chunk             |     1 |     9 |     2 ||    12
Armor: Leather armour    |    51 |    27 |       ||    78
       Ring mail         |       |    56 |    32 ||    88
Dodge: Dodged            |   111 |   120 |    25 ||   256
Block: Shield            |       |    52 |    11 ||    63
